 Dungeon Crawl Stone Soup version 0.28-a0-1347-g113dc556a4 (webtiles) character file.

Game seed: 15297111766081360491

605095 enile the Axe Maniac (level 27, -86/261 (273) HPs)
             Began as a Hill Orc Monk on Dec 30, 2021.
             Was the Champion of Beogh.
             Killed from afar by Xtahua (138 damage)
             ... with a searing blast
             ... on level 2 of the Crypt.
             The game lasted 05:17:45 (76770 turns).

enile the Axe Maniac (Hill Orc Monk)               Turns: 76770, Time: 05:17:49

HP:   -86/261 (273) AC: 40    Str: 38    XL:     27
MP:   35/35         EV:  9    Int: 21    God:    Beogh [******]
Gold: 1419          SH: 30    Dex: 11    Spells: 26/26 levels left

rFire   x . .      SeeInvis +   a - +7 war axe "Afeceh" {vamp, Fragile rC+ Will+}
rCold   + + +      Faith    .   I - +3 tower shield of Lilacs {rElec}
rNeg    . . .      Spirit   .   k - +4 crystal plate armour {rC+}
rPois   +          Reflect  +   (helmet restricted)
rElec   +          Harm     .   t - +3 cloak "Vapewip" {rPois rC+ Str+2}
rCorr   +          Rampage  .   F - +1 pair of gloves of Afubin {rElec Int+3 Slay+2}
Will    ++++.                   (no boots)
Stlth   ..........              u - amulet of Danygiq {Reflect Regen+ rCorr Str+5 Dex-4 SH+5}
HPRegen 1.33/turn               s - ring of the Final Decision {rC+ Will+ rCorr Str+5 Stlth+}
MPRegen 0.24/turn               W - ring of Lob Tarojou {rF- rCorr Int+6 SInv Stlth+}

@: studying Axes, lightly drained
A: walk on water, beak, clever 1, wild magic 1, MP-powered wands
}: 4/15 runes: serpentine, slimy, silver, gossamer
a: Renounce Religion, Smiting, Recall Orcish Followers, Give Item to Named
Follower, Resurrection


You were on level 2 of the Crypt.
You worshipped Beogh.
Beogh was exalted by your worship.
You visited 12 branches of the dungeon, and saw 52 of its levels.
You visited the Abyss 2 times.
You also visited: Ossuary, Bailey, Gauntlet, Ice Cave and Desolation.

You collected 9089 gold pieces.
You spent 7670 gold pieces at shops.

Inventory:

Hand Weapons
 a - the +7 war axe "Afeceh" (weapon) {vamp, Fragile rC+ Will+}
   (You found it in the Desolation of Salt)

   It occasionally heals its wielder for a portion of the damage dealt when it
   wounds a living foe.
   rC:        It protects you from cold.
   Fragile:   It will be destroyed if unequipped.
   Will:      It increases your willpower.
 l - the +10 broad axe of the Shark {vorpal, rF+ rN+++ Int-2 Dex+9}
   (You acquired it on level 5 of the Vaults)

   It inflicts extra damage upon your enemies.
   Int:       It affects your intelligence (-2).
   Dex:       It affects your dexterity (+9).
   rF:        It protects you from fire.
   rN:        It renders you almost immune to negative energy.
Missiles
 c - 2 atropa-tipped darts
 L - 2 datura-tipped darts
Armour
 k - a +4 crystal plate armour of cold resistance (worn)
 t - the +3 cloak "Vapewip" (worn) {rPois rC+ Str+2}
   (You bought it in a shop on level 2 of the Orcish Mines)

   Str:       It affects your strength (+2).
   rC:        It protects you from cold.
   rPois:     It protects you from poison.
 F - the +1 pair of gloves of Afubin (worn) {rElec Int+3 Slay+2}
   (You acquired it on level 4 of the Snake Pit)

   Int:       It affects your intelligence (+3).
   Slay:      It affects your accuracy & damage with ranged weapons and melee
   (+2).
   rElec:     It insulates you from electricity.
 H - the +0 helmet of the Pit {Harm rElec rF+}
   (You found it on level 5 of the Lair of Beasts)

   rF:        It protects you from fire.
   rElec:     It insulates you from electricity.
   Harm:      It increases damage dealt and taken.
 I - the +3 tower shield of Lilacs (worn) {rElec}
   (You acquired it on level 3 of the Depths)

   rElec:     It insulates you from electricity.
 R - +0 gold dragon scales
Jewellery
 s - the ring of the Final Decision (left hand) {rC+ Will+ rCorr Str+5 Stlth+}
   (You found it on level 3 of the Depths)

   [ring of willpower]

   Str:       It affects your strength (+5).
   rC:        It protects you from cold.
   rCorr:     It protects you from acid and corrosion.
   Will:      It increases your willpower.
   Stlth:     It makes you more stealthy.
 u - the amulet of Danygiq (around neck) {Reflect Regen+ rCorr Str+5 Dex-4 SH+5}
   (You found it in the Desolation of Salt)

   [amulet of reflection]

   It reflects blocked missile attacks.
   Str:       It affects your strength (+5).
   Dex:       It affects your dexterity (-4).
   Regen:     It increases your rate of health regeneration.
   rCorr:     It protects you from acid and corrosion.
   SH:        It affects your SH (+5).
 w - the necklace of Bloodlust {*Rage Will++ Int-3 Slay+6}
   (You found it on level 5 of the Pits of Slime)

   [amulet of nothing]

   It extends the wearer's berserk rage when killing foes.
   Int:       It affects your intelligence (-3).
   Slay:      It affects your accuracy & damage with ranged weapons and melee
   (+6).
   *Rage:     It berserks you when you make melee attacks (+50% chance).
   Will:      It greatly increases your willpower.
 A - the ring of the First Knaves {Ice rCorr Str+5}
   (You found it on level 3 of the Lair of Beasts)

   [ring of ice]

   It enhances your ice magic.
   Str:       It affects your strength (+5).
   rF:        It makes you vulnerable to fire.
   rC:        It protects you from cold.
   rCorr:     It protects you from acid and corrosion.
 S - a ring of wizardry
 T - the ring of Ebymod {Dex+6 Slay+4 Stlth-}
   (You found it in a Gauntlet)

   [ring of dexterity]

   Dex:       It affects your dexterity (+6).
   Slay:      It affects your accuracy & damage with ranged weapons and melee
   (+4).
   Stlth:     It makes you less stealthy.
 W - the ring of Lob Tarojou (right hand) {rF- rCorr Int+6 SInv Stlth+}
   (You found it in the Desolation of Salt)

   [ring of intelligence]

   Int:       It affects your intelligence (+6).
   rF:        It makes you vulnerable to fire.
   SInv:      It lets you see invisible.
   rCorr:     It protects you from acid and corrosion.
   Stlth:     It makes you more stealthy.
Wands
 e - a wand of iceblast (11)
 q - a wand of paralysis (47)
 E - a wand of mindburst (9)
 G - a wand of polymorph (22)
 Y - a wand of acid (6)
Scrolls
 b - 3 scrolls of immolation
 d - 7 scrolls of vulnerability
 j - 4 scrolls of torment
 p - 8 scrolls of teleportation
 r - a scroll of blinking
 x - 12 scrolls of amnesia
 y - 11 scrolls of fear
 C - 5 scrolls of magic mapping
 D - 2 scrolls of silence
 M - a scroll of summoning
 P - a scroll of fog
 Q - 3 scrolls of holy word
Potions
 f - 4 potions of flight
 g - 7 potions of brilliance
 h - 14 potions of heal wounds
 i - 10 potions of ambrosia
 m - 9 potions of haste
 n - 3 potions of resistance
 o - 23 potions of curing
 v - 11 potions of lignification
 z - 4 potions of berserk rage
 J - 10 potions of might
 K - 12 potions of mutation
 U - 5 potions of magic
 V - 7 potions of invisibility
Miscellaneous
 B - a tin of tremorstones (1/2)
 N - a phantom mirror (inert)
 O - a box of beasts (inert) (quivered)
 X - a condenser vane
 Z - a lightning rod (inert)


   Skills:
 O Level 27 Fighting
 O Level 27 Axes
 - Level 11.1 Throwing
 - Level 22.0 Armour
 - Level 2.4 Dodging
 - Level 14.0 Stealth
 - Level 23.0 Shields
 - Level 16.0 Invocations
 + Level 17.6 Evocations


You had 26 spell levels left.
You didn't know any spells.
Your spell library contained the following spells:

 Spells                   Type           Power      Damage    Failure   Level
 Animate Skeleton         Necr           0%         N/A       83%         1
 Apportation              Tloc           0%         N/A       83%         1
 Freeze                   Ice            0%         1d3       83%         1
 Pain                     Necr           0%         1d4       83%         1
 Sandblast                Erth           0%         2d4       83%         1
 Slow                     Hex            0%         N/A       83%         1
 Sting                    Tmut/Pois      0%         1d3       83%         1
 Summon Small Mammal      Summ           0%         N/A       83%         1
 Blink                    Tloc           0%         N/A       92%         2
 Ensorcelled Hibernation  Hex/Ice        0%         N/A       92%         2
 Passwall                 Tmut/Erth      0%         N/A       92%         2
 Poisonous Vapours        Pois/Air       0%         N/A       92%         2
 Static Discharge         Conj/Air       0%         N/A       92%         2
 Sublimation of Blood     Necr           0%         N/A       92%         2
 Wereblood                Tmut           0%         N/A       92%         2
 Call Canine Familiar     Summ           0%         N/A       99%         3
 Confusing Touch          Hex            0%         N/A       99%         3
 Conjure Flame            Conj/Fire      0%         6-21      99%         3
 Frozen Ramparts          Ice            0%         1d2       99%         3
 Gell's Gravitas          Tloc           0%         N/A       99%         3
 Ignite Poison            Fire/Tmut/Pois 0%         N/A       99%         3
 Inner Flame              Hex/Fire       0%         N/A       99%         3
 Lesser Beckoning         Tloc           0%         N/A       99%         3
 Mephitic Cloud           Conj/Pois/Air  0%         N/A       99%         3
 Ozocubu's Armour         Ice            0%         N/A       99%         3
 Spider Form              Tmut/Pois      0%         N/A       99%         3
 Stone Arrow              Conj/Erth      0%         3d7       99%         3
 Summon Guardian Golem    Hex/Summ       0%         N/A       99%         3
 Swiftness                Air            0%         N/A       99%         3
 Teleport Other           Tloc           0%         N/A       99%         3
 Tukima's Dance           Hex            0%         N/A       99%         3
 Vampiric Draining        Necr           0%         2d6       99%         3
 Animate Armour           Summ/Erth      0%         N/A       100%        4
 Animate Dead             Necr           0%         N/A       100%        4
 Cause Fear               Hex            0%         N/A       100%        4
 Dispel Undead            Necr           0%         3d6       100%        4
 Hailstorm                Conj/Ice       0%         3d3       100%        4
 Ice Form                 Ice/Tmut       0%         N/A       100%        4
 Leda's Liquefaction      Hex/Erth       0%         N/A       100%        4
 Olgreb's Toxic Radiance  Pois           0%         N/A       100%        4
 Petrify                  Tmut/Erth      0%         N/A       100%        4
 Sticky Flame             Conj/Fire      0%         2d3       100%        4
 Summon Ice Beast         Ice/Summ       0%         N/A       100%        4
 Summon Lightning Spire   Summ/Air       0%         N/A       100%        4
 Agony                    Necr           0%         N/A       100%        5
 Alistair's Intoxication  Tmut/Pois      0%         N/A       100%        5
 Borgnjor's Vile Clutch   Necr/Erth      0%         N/A       100%        5
 Excruciating Wounds      Necr           0%         N/A       100%        5
 Irradiate                Conj/Tmut      0%         3d13      100%        5
 Iskenderun's Battlesphe  Conj           0%         2d6       100%        5
 Lightning Bolt           Conj/Air       0%         1d11      100%        5
 Manifold Assault         Tloc           0%         N/A       100%        5
 Metabolic Englaciation   Hex/Ice        0%         N/A       100%        5
 Summon Forest            Summ/Tloc      0%         N/A       100%        5
 Summon Mana Viper        Hex/Summ       0%         N/A       100%        5
 Conjure Ball Lightning   Conj/Air       0%         3x3d6     100%        6
 Death Channel            Necr           0%         N/A       100%        6
 Dispersal                Tloc           0%         N/A       100%        6
 Eringya's Noxious Bog    Tmut/Pois      0%         N/A       100%        6
 Iron Shot                Conj/Erth      0%         9d1       100%        6
 Simulacrum               Ice/Necr       0%         N/A       100%        6
 Statue Form              Tmut/Erth      0%         N/A       100%        6
 Dragon Form              Tmut           0%         N/A       100%        7
 Enfeeble                 Hex            0%         N/A       100%        7
 Monstrous Menagerie      Summ           0%         N/A       100%        7
 Ozocubu's Refrigeration  Ice            0%         4d5       100%        7
 Spellforged Servitor     Conj/Summ      0%         N/A       100%        7
 Storm Form               Tmut/Air       0%         N/A       100%        7
 Summon Hydra             Summ           0%         N/A       100%        7
 Discord                  Hex            0%         N/A       100%        8
 Disjunction              Tloc           0%         N/A       100%        8
 Lehudib's Crystal Spear  Conj/Erth      0%         10d2      100%        8
 Maxwell's Capacitive Co  Air            0%         ∞         100%        8
 Necromutation            Tmut/Necr      0%         N/A       100%        8
 Chain Lightning          Conj/Air       0%         N/A       100%        9
 Dragon's Call            Summ           0%         N/A       100%        9
 Fire Storm               Conj/Fire      0%         5d1       100%        9
 Shatter                  Erth           0%         3d5*      100%        9


Dungeon Overview and Level Annotations

Branches:
Dungeon (15/15)            Temple (1/1) D:4            Lair (6/6) D:8
  Snake (4/4) Lair:2       Spider (4/4) Lair:3        Slime (5/5) Lair:5
    Orc (2/2) D:12            Elf (3/3) Orc:2        Vaults (5/5) D:14
  Crypt (2/3) Vaults:3     Depths (4/4) D:15           Hell (visited)
    Zot (0/5) Depths:4    Ossuary (visited)          Bailey (visited)
  IceCv (visited)         Desolation (visited)      Gauntlet (visited)
    Dis: Hell:1         Geh: Hell:1         Coc: Hell:1         Tar: Hell:1

Altars:
Ashenzari
Cheibriados
Dithmenos
Elyvilon
Fedhas
Gozag
Hepliaklqana
Kikubaaqudgha
Makhleb
Nemelex Xobeh
Okawaru
Qazlal
Ru
Sif Muna
Trog
Uskayaw
Vehumet
Wu Jian
Xom
Yredelemnul
Zin
The Shining One
Jiyva

Shops:
D:7 (   D:8 [   D:10 *   D:11 *   Orc:2 ([:*   Elf:2 (   Snake:2 ((   Snake:3 =
Snake:4 *[(((   Vaults:2 ***[(   Vaults:5 (:   Depths:1 [   Depths:3 ***?

Portals:
Hell: Depths:1 Depths:2 Depths:3 Depths:4
Abyss: Depths:1 Depths:3
Pandemonium: Depths:1 Depths:2 Depths:4
Ziggurat: Depths:3
Trove: D:14 (give +4 fire dragon scales)

Annotations:
D:10 Nergalle
Vaults:2 2 transporters, Tang's ghost, master DsGl
Crypt:2 Xtahua
Hell Geryon


Innate Abilities, Weirdness & Mutations

You can walk on water.
You have a beak for a mouth.
Your mind is acute. (Int +2)
Your spells are a little harder to cast, but a little more powerful.
You expend magic power (3 MP) to strengthen your wands.


Message History

Throw: 4 darts (atropa)
Press: ? - help, Q - select action, (/) - cycle Shift-Dir - straight line, f/p - Xtahua
Aim: Xtahua (catching their breath, 81% to hit, chance to blind on hit: 10%)
You throw an atropa-tipped dart. The atropa-tipped dart hits Xtahua.
Xtahua resists.
Unknown command.
Throw: 3 darts (atropa)
Press: ? - help, Q - select action, (/) - cycle Shift-Dir - straight line, f/p - Xtahua
Aim: Xtahua (catching their breath, 81% to hit, chance to blind on hit: 10%)
You throw an atropa-tipped dart. The atropa-tipped dart hits Xtahua!
Xtahua resists.
Xtahua barely misses the skeletal warrior.
Xtahua closely misses the skeletal warrior.
Xtahua barely misses the skeletal warrior.
You slash Xtahua!
Xtahua is lightly wounded.
Xtahua bites you!! Xtahua claws you! You block Xtahua's attack.
Xtahua bites the skeletal warrior!!
Xtahua claws the skeletal warrior but does no damage.
Xtahua tramples the skeletal warrior!
The skeletal warrior holds its ground!
Unknown command.
Non-targeted evoke: box of beasts
Press: ? - help, Q - select action, (/) - cycle Dir - look around, f - activate You open the lid... ...and an elder oxshock beast leaps out!
The box is emptied!
Xtahua breathes fire at you. The searing blast hits you!!!!
The fire burns you terribly!
* * * LOW HITPOINT WARNING * * *
The searing blast hits your elder oxshock beast!!!
Xtahua bites the skeletal warrior.
Xtahua claws the skeletal warrior but does no damage.
Xtahua tramples the skeletal warrior but does no damage.
You swap places.
The skeletal warrior hits Xtahua with a +0 hand axe!!
Xtahua breathes fire at you.
The searing blast hits your elder oxshock beast!!!
The searing blast hits you!!!! The fire burns you terribly!
Ouch! That really hurt!
You die...

#......# #>.....##
....... ..... ..D #z#
#D# #H# #@# #.# #.#
#.# #.# #☼# #.# ##.
#####.# #.# #...
#...#.###.###..## ##.#
##...............##..#
###..................
#............###.##


You could see Xtahua (catching breath, ally target), a skeletal warrior (ally
target), the friendly Xtahua (summoned, drained) and a friendly elder oxshock
beast (summoned).

Vanquished Creatures
  the Royal Jelly (Slime:5)
  A dread lich (Vaults:5)
  2 ancient liches
  A juggernaut (Depths:3)
  Bai Suzhen (Depths:1)
  Margery (Vaults:2)
  3 caustic shrikes (Depths:4)
  2 golden dragons
  the Enchantress (Depths:1)
  3 bone dragons
  3 hellephants
  3 liches
  2 tentacled monstrosities
  2 deep elf blademasters (Elf:3)
  6 titans
  A deep elf master archer (Elf:3)
  2 Executioners
  6 tentacled starspawn (Abyss:3)
  10 acid blobs
  5 tengu reavers
  4 sphinxes
  4 shadow dragons
  4 storm dragons
  The ghost of Pouserri the Thaumaturge, an adept GnIE of Sif Muna (Elf:3)
  Agnes (Spider:3)
  3 ancient champions
  Donald (Vaults:2)
  3 nagarajas (Snake:4)
  15 rockslimes
  6 fire giants
  20 azure jellies
  14 frost giants
  A draconian knight (Depths:4)
  5 ghost moths
  5 iron dragons
  5 emperor scorpions
  2 imperial myrmidons (Desolation)
  11 vault wardens
  3 deep elf elementalists (Elf:3)
  A balrug (Abyss:1)
  An orc warlord (Vaults:2)
  A curse skull (Crypt:1)
  A caustic shrike zombie (Abyss:3)
  6 deep elf sorcerers
  3 draconian stormcallers (Depths:4)
  3 cacodemons
  2 broodmothers
  A caustic shrike skeleton (Crypt:1)
  5 spriggan defenders
  15 stone giants
  4 ghouls
  A draconian shifter (Abyss:3)
  A juggernaut zombie (Depths:3)
  15 ironbound preservers
  3 war gargoyles
  A reaper (Depths:1)
  12 quicksilver oozes
  4 ironbound thunderhulks
  29 very ugly things
  14 spark wasps
  9 entropy weavers
  A purple draconian (Depths:4)
  3 halazid warlocks (Desolation)
  2 yellow draconians
  5 vampire knights
  5 dire elephants (Vaults:2)
  8 deep elf demonologists
  A white draconian (Depths:4)
  A lorocyproca (Depths:1)
  A minotaur (Gauntlet)
  A black draconian (Depths:4)
  3 deep elf annihilators
  A quicksilver dragon zombie (Abyss:3)
  9 ettins
  6 deep elf death magi
  4 crystal guardians
  9 fire dragons
  A fire dragon (shapeshifter) (Abyss:3)
  4 ragged hierophants (Desolation)
  3 blizzard demons
  7 jiangshi
  4 deep elf high priests
  An eidolon (Abyss:3)
  A merfolk impaler (Abyss:3)
  10 yaktaur captains
  12 naga warriors
  Harold (D:7)
  A spriggan zombie (Crypt:1)
  8 peacekeepers
  3 salamander tyrants
  5 rakshasas
  4 hydras
  4 spriggan air magi
  9 great orbs of eyes
  A fenstrider witch zombie (Crypt:1)
  13 anacondas
  7 boulder beetles
  38 vault guards
  2 catoblepae
  4 ogre magi
  9 servants of whispers (Desolation)
  3 death knights
  2 jorogumos
  4 ice dragons
  4 centaur warriors
  8 ironbound frosthearts
  16 two-headed ogres
  30 dancing weapons
  2 radroaches
  3 spriggan skeletons (Crypt:1)
  7 death yaks
  12 deep troll earth magi
  A tengu warrior (Depths:2)
  8 deep troll shamans
  26 thrashing horrors
  4 vampire magi
  An orc high priest (Orc:2)
  2 naga sharpshooters
  12 hell hogs
  4 shock serpents
  Urug (D:11)
  24 deep elf knights
  7 spriggan berserkers
  2 sun demons
  Sonja (Lair:1)
  10 wretched stars
  13 hell knights
  4 soul eaters
  A titan skeleton (Crypt:1)
  2 shadow wraiths
  25 large abominations
  A sun moth (Spider:3)
  A fire crab (shapeshifter) (D:15)
  4 sixfirhies
  5 skeletal warriors
  15 iron trolls
  A spark wasp zombie (Depths:3)
  3 sea snakes (Snake:3)
  7 salamander mystics
  58 deep trolls
  3 spatial maelstroms (Abyss:3)
  10 pharaoh ants
  5 steelbarb worms
  3 death drakes
  An anaconda zombie (Crypt:1)
  3 glowing orange brains
  5 naga ritualists
  13 orb spiders
  A flayed ghost (Depths:3)
  A spectral wolf spider (Gauntlet)
  A bunyip skeleton (Crypt:1)
  11 deep elf archers
  2 bog bodies (IceCv)
  4 phantasmal warriors
  9 wizards
  Pikel (D:9)
  28 deep elf pyromancers
  A broodmother zombie (Crypt:1)
  20 ironbound convokers
  12 lindwurms
  16 wolf spiders
  A shadow dragon zombie (Crypt:1)
  A mana viper (shapeshifter) (Vaults:2)
  11 necromancers
  17 mana vipers
  27 deep elf zephyrmancers
  6 shining eyes
  21 salamanders
  2 orc sorcerers (Orc:2)
  6 harpies (Vaults:3)
  94 slime creatures
  38 ugly things
  4 cyclopes
  2 moths of wrath
  A manticore (shapeshifter) (Vaults:2)
  4 elephants
  7 worldbinders
  A rust devil (Depths:2)
  A moth of wrath (shapeshifter) (Depths:3)
  18 vault sentinels
  2 manticores
  16 guardian serpents
  2 apocalypse crabs (Abyss:3)
  3 orange demons
  6 torpor snails
  5 eyes of devastation
  An ice statue (IceCv)
  5 molten gargoyles
  18 naga magi
  A hellion (Abyss:3)
  A gargoyle (D:11)
  30 black mambas
  10 smoke demons
  12 cane toads
  2 unseen horrors
  2 tormentors
  Psyche (D:12)
  An unseen horror (shapeshifter) (D:15)
  6 komodo dragons
  14 yaktaurs
  4 rime drakes
  4 demonic crawlers
  3 efreet (Abyss:3)
  4 freezing wraiths
  9 ancient zymes
  5 tengu conjurers
  2 hellwings
  A sea snake zombie (Crypt:2)
  2 entropy weaver simulacra (IceCv)
  6 ice devils
  4 red devils
  2 tyrant leeches (shapeshifter)
  A harpy zombie (Abyss:3)
  A polar bear (Lair:4)
  5 hornets
  2 tengu simulacra (Depths:3)
  3 trolls
  7 meliai
  Prince Ribbit (D:8)
  A harpy skeleton (Abyss:3)
  28 raiju
  56 saltlings (Desolation)
  22 tarantellas
  9 blink frogs
  A tarantella zombie (Crypt:1)
  4 dream sheep (Lair:1)
  19 jumping spiders
  A jumping spider (shapeshifter) (D:15)
  18 culicivoras
  5 air elementals
  A centaur simulacrum (D:15)
  3 spriggans
  38 starcursed masses (Abyss:3)
  2 dire elephant simulacra
  A merfolk skeleton (Crypt:1)
  A vampire (Abyss:3)
  6 flying skulls (Vaults:3)
  6 ynoxinuls (Abyss:3)
  2 water elementals
  13 wraiths
  9 wyverns
  45 yaks
  4 fire elementals
  2 steam dragons (Lair:6)
  A basilisk (shapeshifter) (Abyss:4)
  26 small abominations
  12 humans
  6 fire bats
  4 golden eyes (Slime:5)
  A golden eye (shapeshifter) (Vaults:5)
  4 basilisks
  44 redbacks
  5 neqoxecs
  3 death yak simulacra (IceCv)
  A vampire mosquito (D:15)
  10 chaos spawn
  5 wargs
  3 spatial vortices (Abyss:3)
  An acid dragon (D:12)
  24 nagas
  3 hydra simulacra (Lair:5)
  4 hell hounds
  8 water moccasins
  A hornet zombie (D:5)
  11 orc warriors
  An ice beast (Abyss:3)
  A sky beast (D:5)
  A sky beast (shapeshifter) (Abyss:3)
  5 black bears
  23 ogres
  2 necrophages
  7 wolves
  A phantom (D:6)
  6 centaurs
  2 human skeletons (Vaults:5)
  9 bullfrogs
  2 gnoll sergeants
  A cane toad simulacrum (IceCv)
  5 two-headed ogre simulacra (IceCv)
  7 scorpions
  4 earth elementals
  A wyvern skeleton (D:7)
  A shapeshifter zombie (Crypt:1)
  Dowan (D:7)
  2 water moccasin skeletons
  2 elephant simulacra (IceCv)
  9 killer bees
  8 wights
  2 electric eels
  4 howler monkeys
  4 lava snakes
  4 centaur zombies
  3 jellies
  2 hounds (D:4)
  4 quasits
  2 bullfrog zombies
  2 centaur skeletons
  A human zombie (Ossuary)
  4 orc priests
  An iron imp (Abyss:3)
  Ijyb (D:3)
  7 orc wizards
  5 spriggan simulacra (IceCv)
  6 troll simulacra (IceCv)
  A wolf simulacrum (IceCv)
  An acid dragon zombie (Crypt:1)
  A bullfrog simulacrum (Lair:5)
  2 hound zombies (D:5)
  A naga skeleton (Crypt:2)
  2 mummies (Ossuary)
  13 gnolls
  5 adders
  4 naga simulacra (IceCv)
  A shadow imp (Abyss:3)
  11 white imps
  13 ufetubi
  2 adder zombies (Ossuary)
  2 worms (D:2)
  2 dart slugs
  8 orcs
  3 ball pythons
  8 endoplasms
  3 giant cockroaches (D:2)
  9 goblins
  4 hobgoblins
  3 kobolds
  4 quokkas
  4 bats
  2 frilled lizards
  4 goblin zombies (Ossuary)
  9 hobgoblin zombies (Ossuary)
  A jackal zombie (Ossuary)
  6 kobold zombies (Ossuary)
  10 orc zombies (Ossuary)
  4 rats
  3 rat zombies (Ossuary)
  2 lurking horrors
  3 starspawn tentacles (Abyss:3)
2236 creatures vanquished.

Vanquished Creatures (collateral kills)
  Sojobo (Vaults:3)
  A golden dragon (Vaults:5)
  Nikola (Spider:3)
  A bone dragon (Depths:1)
  2 tentacled monstrosities
  2 titans (Vaults:5)
  Rupert (D:14)
  A deep elf master archer (Elf:3)
  6 acid blobs
  2 storm dragons (Vaults:5)
  A tengu reaver (Depths:2)
  Roxanne (Snake:1)
  An azure jelly (Slime:5)
  2 shadow dragons
  A rockslime (Slime:4)
  A nagaraja (Snake:3)
  3 vault wardens
  Aizul (Snake:1)
  A ghost moth (Spider:4)
  2 emperor scorpions
  3 ironbound preservers
  A quicksilver ooze (Slime:5)
  A draconian stormcaller (Depths:4)
  A broodmother (Spider:1)
  3 very ugly things
  2 stone giants
  2 ironbound thunderhulks
  2 spark wasps (Depths:1)
  3 dire elephants (Vaults:2)
  A deep elf annihilator (Elf:3)
  An entropy weaver (Spider:2)
  A fire dragon (Depths:4)
  2 ettins
  A deep elf high priest (Vaults:5)
  A jiangshi (Crypt:1)
  2 great orbs of eyes
  2 yaktaur captains
  A ragged hierophant (Desolation)
  A boulder beetle (D:14)
  A servant of whispers (Desolation)
  5 vault guards
  3 hydras
  3 naga warriors
  2 centaur warriors (D:14)
  An ogre mage (Orc:1)
  2 jorogumos (Spider:4)
  A radroach (Spider:2)
  An anaconda (Snake:4)
  3 death yaks
  2 two-headed ogres (D:15)
  2 ironbound frosthearts
  2 hell hogs (Hell)
  4 hell knights
  3 shock serpents
  4 thrashing horrors
  A naga sharpshooter (Snake:4)
  A spatial maelstrom (Abyss:3)
  5 deep trolls
  6 orb spiders
  A flayed ghost (Abyss:2)
  3 large abominations (Abyss:3)
  A salamander mystic (Snake:4)
  A sea snake (shapeshifter) (Vaults:5)
  A deep elf archer (Elf:2)
  3 wizards
  2 naga ritualists (Snake:4)
  A lindwurm (Snake:4)
  A shadow dragon zombie (Vaults:5)
  2 ironbound convokers (Vaults:5)
  A deep elf pyromancer (Elf:3)
  2 orc knights
  A deep elf zephyrmancer (Elf:2)
  3 harpies (Vaults:3)
  2 necromancers
  11 wolf spiders
  6 ugly things
  3 salamanders
  An orc sorcerer (Orc:2)
  2 shining eyes
  A guardian serpent (Desolation)
  6 black mambas
  2 naga magi
  5 elephants
  2 vault sentinels
  3 torpor snails
  A smoke demon (Abyss:3)
  A molten gargoyle (Lair:6)
  A hellion (Abyss:3)
  5 demonic crawlers
  4 cane toads
  2 komodo dragons (Lair:6)
  A rime drake (Lair:5)
  A tengu conjurer (D:15)
  A red devil (Depths:1)
  8 meliai
  10 tarantellas
  2 saltlings (Desolation)
  3 hornets (Spider:4)
  12 slime creatures
  11 blink frogs
  A raiju (Abyss:3)
  3 dream sheep (Lair:1)
  13 jumping spiders
  2 culicivoras
  A water elemental (Depths:4)
  28 yaks
  A wraith (D:9)
  4 humans (D:14)
  2 basilisks
  4 golden eyes (Slime:5)
  A spriggan (Lair:1)
  A chaos spawn (Depths:4)
  8 redbacks
  A vampire mosquito (D:15)
  2 wargs
  8 nagas
  2 hell hounds (Lair:6)
  A spatial vortex (Abyss:1)
  6 water moccasins
  Duvessa (D:7)
  3 orc warriors
  2 sky beasts
  3 centaurs (D:14)
  A wolf (Lair:4)
  5 ogres
  7 bullfrogs
  A wyvern zombie (D:5)
  A scorpion (D:7)
  A water moccasin skeleton (D:7)
  2 small abominations (Abyss:3)
  A killer bee (D:7)
  4 wights (D:9)
  An electric eel (Lair:3)
  A howler monkey (D:8)
  A lava snake (Lair:6)
  A starcursed mass (Abyss:3)
  6 orc priests
  18 orc wizards
  3 gnolls
  2 ufetubi
  17 orcs
  A goblin (D:8)
  A creeping inferno (Hell)
418 creatures vanquished.

Vanquished Creatures (others)
  A tentacled starspawn (Abyss:3)
  2 orc warlords
  A deep elf elementalist (Elf:3)
  A war gargoyle (Vaults:4)
  A ragged hierophant (Desolation)
  An ice dragon (Vaults:2)
  36 orc knights
  2 orc high priests
  Nergalle (D:10)
  A large abomination (Abyss:4)
  A deep troll (Depths:3)
  An ironbound convoker (Vaults:2)
  A necromancer (Vaults:2)
  7 orc sorcerers
  32 orc warriors
  A naga mage (Snake:4)
  A torpor snail (shapeshifter) (Vaults:5)
  2 hellions
  A saltling (Desolation)
  A culicivora (Spider:2)
  A wyvern (Lair:6)
  A small abomination (Abyss:3)
  58 orcs
  47 orc priests
  25 orc wizards
  6 bushes (Lair:1)
  37 fungi
  2 lurking horrors (Abyss:3)
  3 pillars of salt (Vaults:3)
  110 plants
  18 starspawn tentacles (Abyss:3)
  A withered plant (Desolation)
404 creatures vanquished.

Grand Total: 3058 creatures vanquished

Notes
Turn   | Place    | Note
-------+----------+-------------------------------------------
     0 | D:1      | enile the Hill Orc Monk began the quest for the Orb.
     0 | D:1      | Reached XP level 1. HP: 19/19 MP: 1/1
   212 | D:1      | Found a faded altar of an unknown god.
   475 | D:1      | Reached XP level 2. HP: 27/27 MP: 2/2
   911 | D:2      | Reached XP level 3. HP: 33/33 MP: 3/3
  1322 | D:2      | Reached skill level 5 in Axes
  1766 | D:3      | Noticed a scorpion
  1771 | D:3      | Killed a scorpion
  1772 | D:3      | Reached skill level 5 in Fighting
  1772 | D:3      | Reached XP level 4. HP: 42/42 MP: 4/4
  1960 | D:3      | Reached XP level 5. HP: 39/48 MP: 5/5
  2359 | D:3      | Found a glowing silver altar of Zin.
  2472 | D:3      | Reached skill level 1 in Armour
  2775 | D:3      | Noticed Ijyb
  2775 | D:3      | Paralysed by Ijyb for 2 turns
  2781 | D:3      | Paralysed by Ijyb for 6 turns
  2790 | D:3      | Killed Ijyb
  3149 | D:4      | Reached XP level 6. HP: 53/56 MP: 6/6
  3192 | D:4      | Found a staircase to the Ecumenical Temple.
  3193 | D:4      | Became a worshipper of Beogh the Brigand
  3193 | D:4      | Reached * piety under Beogh
  3193 | D:4      | Reached ** piety under Beogh
  3367 | D:4      | HP: 1/56 [ogre (27)]
  3908 | D:5      | Entered Level 5 of the Dungeon
  4026 | D:5      | Reached XP level 7. HP: 61/61 MP: 8/10
  4049 | D:5      | Found a broken altar of Ashenzari.
  4073 | D:5      | Reached skill level 5 in Invocations
  4209 | D:5      | Reached skill level 5 in Armour
  4234 | D:5      | Found a sand-covered staircase.
  4238 | Ossuary  | Entered an ossuary
  4398 | Ossuary  | Reached XP level 8. HP: 70/70 MP: 12/12
  4412 | Ossuary  | Reached *** piety under Beogh
  5036 | D:6      | Found a bloodstained altar of Trog.
  5036 | D:6      | Found a glowing golden altar of the Shining One.
  5036 | D:6      | Found a shadowy altar of Dithmenos.
  5036 | D:6      | Found a hazy altar of Hepliaklqana.
  5036 | D:6      | Found a radiant altar of Vehumet.
  5376 | D:5      | Reached XP level 9. HP: 70/74 MP: 11/14
  5483 | D:6      | Found a basalt altar of Yredelemnul.
  6253 | D:7      | Reached **** piety under Beogh
  6287 | D:7      | Noticed Duvessa
  6287 | D:7      | Noticed Dowan
  6293 | D:7      | Killed Duvessa
  6298 | D:7      | Killed Dowan
  6351 | D:7      | Found Piczux's Weapon Boutique.
  6352 | D:7      | Gained Herok as an ally
  6356 | D:7      | Your ally Herok died
  6380 | D:7      | Bought 4 silver javelins for 105 gold pieces
  6514 | D:7      | Noticed Harold
  6531 | D:7      | Killed Harold
  6532 | D:7      | Reached XP level 10. HP: 76/91 MP: 15/15
  6681 | D:8      | Found Pirot's Armour Shoppe.
  6695 | D:8      | Bought a scarf of repulsion for 168 gold pieces
  6711 | D:8      | Reached skill level 10 in Axes
  6736 | D:8      | Noticed Prince Ribbit
  6746 | D:8      | Killed Prince Ribbit
  6748 | D:8      | Found a staircase to the Lair.
  6757 | D:8      | Reached skill level 10 in Fighting
  6791 | D:8      | Found a flagged portal.
  6809 | Bailey   | Entered a bailey
  6947 | Bailey   | Noticed an orc knight
  6958 | Bailey   | Killed an orc knight
  6958 | Bailey   | Gained Orkrul as an ally
  7470 | D:9      | Identified the ring of Awe {Wiz Str+4}
  7649 | D:9      | Noticed Pikel
  7664 | D:9      | Paralysed by Pikel for 4 turns
  7671 | D:9      | Killed Pikel
  8114 | D:9      | Reached ***** piety under Beogh
  8115 | D:9      | Reached XP level 11. HP: 102/102 MP: 15/17
  8274 | D:9      | Noticed a two-headed ogre
  8274 | D:9      | Noticed a two-headed ogre
  8275 | D:9      | Noticed a two-headed ogre
  8316 | D:9      | Killed a two-headed ogre
  8384 | D:9      | Killed a two-headed ogre
  8396 | D:9      | Killed a two-headed ogre
  8461 | D:9      | Noticed a two-headed ogre
  8462 | D:9      | Noticed a two-headed ogre
  8464 | D:9      | Noticed a two-headed ogre
  8468 | D:9      | Noticed an ogre mage
  8483 | D:9      | Killed a two-headed ogre
  8494 | D:9      | Paralysed by an ogre mage for 4 turns
  8509 | D:9      | Paralysed by something for 4 turns
  8518 | D:9      | Paralysed by something for 4 turns
  8530 | D:9      | Paralysed by something for 3 turns
  8556 | D:9      | Paralysed by something for 6 turns
  8565 | D:9      | Paralysed by something for 2 turns
  8577 | D:9      | Paralysed by something for 7 turns
  8590 | D:9      | Paralysed by something for 3 turns
  8598 | D:9      | Killed an ogre mage
  8598 | D:9      | Gained Hawl as an ally
  8654 | D:9      | Killed a two-headed ogre
  8689 | D:9      | Killed a two-headed ogre
  8767 | D:10     | Entered Level 10 of the Dungeon
  8814 | D:10     | Identified a scroll of acquirement
  8816 | D:10     | Acquired a +2 vorpal executioner's axe
  8876 | D:10     | Found Plog's General Store.
  8900 | D:10     | Gained Boldo as an ally
  8933 | D:10     | Noticed Nergalle
  8942 | D:10     | Noticed a centaur warrior
  8947 | D:10     | Your ally Nergalle died
  8951 | D:10     | Killed a centaur warrior
  9189 | D:10     | Reached XP level 12. HP: 116/116 MP: 18/18
  9590 | Lair:1   | Entered Level 1 of the Lair of Beasts
  9599 | Lair:1   | Noticed an eight-headed hydra
  9606 | Lair:1   | Killed a nine-headed hydra
  9621 | Lair:1   | Noticed a five-headed hydra
  9626 | Lair:1   | Killed a six-headed hydra
  9627 | Lair:1   | Reached skill level 10 in Armour
  9697 | Lair:1   | Noticed Sonja
  9700 | Lair:1   | Killed Sonja
  9727 | Lair:1   | Found a frozen archway.
  9743 | IceCv    | Entered an ice cave
  9957 | IceCv    | Reached skill level 15 in Axes
 10608 | IceCv    | Found the +4 skin of Zhor {*Englaciate rC+++ SInv}
 10928 | Lair:1   | Your ally Orkrul died
 10931 | Lair:1   | Reached ****** piety under Beogh
 11339 | Lair:2   | Reached XP level 13. HP: 124/124 MP: 19/19
 11343 | Lair:2   | Your ally Boldo died
 11353 | Lair:2   | Found a staircase to the Snake Pit.
 12177 | Lair:3   | Found a hole to the Spider Nest.
 12225 | Lair:3   | Gained Geork as an ally
 12725 | Lair:3   | Identified the ring of the First Knaves {Ice rCorr Str+5}
 13262 | Lair:4   | Reached skill level 5 in Throwing
 13315 | Lair:4   | Reached skill level 10 in Invocations
 13360 | Lair:4   | Found a shimmering altar of Xom.
 14140 | Lair:5   | Reached XP level 14. HP: 107/132 MP: 21/21
 14536 | Lair:5   | Found a staircase to the Slime Pits.
 14541 | Lair:5   | Found a viscous altar of Jiyva.
 14766 | Lair:5   | Found a transporter.
 14891 | Lair:5   | Found a transporter.
 15073 | Lair:5   | Identified the amulet "Taorukas" {RegenMP Dex+8}
 15074 | Lair:5   | Identified the +0 helmet of the Pit {Harm rElec rF+}
 15138 | Lair:6   | Entered Level 6 of the Lair of Beasts
 15781 | Lair:6   | Gained Wulfoc as an ally
 15831 | Lair:6   | Reached skill level 15 in Fighting
 15880 | Lair:6   | Found a large runed translucent door.
 15880 | Lair:6   | Found a large runed translucent door.
 16590 | D:11     | Found Circh's General Store.
 16601 | D:11     | Bought a scroll of fear for 49 gold pieces
 16832 | D:11     | Noticed Urug
 16839 | D:11     | Killed Urug
 17221 | D:12     | Reached XP level 15. HP: 144/144 MP: 23/23
 17304 | D:12     | Found a staircase to the Orcish Mines.
 17478 | D:12     | Gained mutation: You are robust. (+10% HP) [potion of
                  | mutation]
 17479 | D:12     | Lost mutation: You are robust. (+10% HP) [potion of
                  | mutation]
 17479 | D:12     | Gained mutation: You occasionally shout uncontrollably at
                  | your foes. [potion of mutation]
 17479 | D:12     | Gained mutation: Your natural rate of healing is unusually
                  | fast. [potion of mutation]
 17480 | D:12     | Lost mutation: You occasionally shout uncontrollably at
                  | your foes. [potion of mutation]
 17480 | D:12     | Lost mutation: Your natural rate of healing is unusually
                  | fast. [potion of mutation]
 17480 | D:12     | Gained mutation: You have sharp fingernails. [potion of
                  | mutation]
 17480 | D:12     | Gained mutation: Your muscles are strong. (Str +2) [potion
                  | of mutation]
 17506 | D:12     | Noticed Psyche
 17517 | D:12     | Killed Psyche
 18138 | D:13     | Gained Borgun as an ally
 18334 | D:14     | Noticed Rupert
 18334 | D:14     | Found a gate to the Vaults.
 18347 | D:14     | Killed Rupert
 18450 | D:14     | Gained Herok as an ally
 18715 | D:14     | Your ally Hawl died
 18802 | D:14     | Found a portal to a secret trove of treasure.
 19259 | Orc:1    | Entered Level 1 of the Orcish Mines
 19307 | Orc:1    | Gained Warrok as an ally
 19601 | Orc:2    | Entered Level 2 of the Orcish Mines
 19612 | Orc:2    | Gained Norbak as an ally
 19691 | Orc:2    | Your ally Norbak died
 19728 | Orc:2    | Found Piboefun's Assorted Antiques.
 19728 | Orc:2    | Found Axenois's Antique Armour Boutique.
 19730 | Orc:2    | Found Ziof Diu's Weapon Boutique.
 19846 | Orc:2    | Found Ukke's Book Shop.
 19856 | Orc:2    | Bought a potion of heal wounds for 155 gold pieces
 19856 | Orc:2    | Bought a smoking copper amulet for 155 gold pieces
 19856 | Orc:2    | Identified the amulet of Xetaut Duki {RegenMP Harm rF+
                  | rCorr Dex+2} (You bought it in a shop on level 2 of the
                  | Orcish Mines)
 19856 | Orc:2    | Bought a cabochon ring for 155 gold pieces
 19856 | Orc:2    | Bought a scroll of vulnerability for 232 gold pieces
 19859 | Orc:2    | Bought a masterwork cloak for 294 gold pieces
 19859 | Orc:2    | Identified the +3 cloak "Vapewip" {rPois rC+ Str+2} (You
                  | bought it in a shop on level 2 of the Orcish Mines)
 19879 | Orc:2    | Bought a manual of Axes for 1040 gold pieces
 19922 | Orc:2    | Gained Hilgar as an ally
 20063 | Orc:2    | Gained Korbok as an ally
 20249 | Orc:2    | Found a staircase to the Elven Halls.
 20371 | D:15     | Entered Level 15 of the Dungeon
 20381 | D:15     | Gained Boruk as an ally
 20404 | D:15     | Found a basalt altar of Yredelemnul.
 20461 | D:15     | Found a gate leading to a gauntlet.
 20474 | D:15     | Gained Gorbash as an ally
 20484 | D:15     | Reached skill level 5 in Stealth
 20532 | Gauntlet | Entered a Gauntlet
 20532 | Gauntlet | Found a transporter.
 20532 | Gauntlet | Found a runed translucent door.
 20533 | Gauntlet | Found a runed translucent door.
 20535 | Gauntlet | Found a transporter.
 20537 | Gauntlet | Found a transporter.
 20553 | Gauntlet | Found a transporter.
 20554 | Gauntlet | Found a transporter.
 20567 | Gauntlet | Found a transporter.
 20616 | Gauntlet | Found a transporter.
 20627 | Gauntlet | Found a transporter.
 20634 | Gauntlet | Found a runed translucent door.
 20637 | Gauntlet | Found a transporter.
 20659 | Gauntlet | Found a transporter.
 20671 | Gauntlet | Found a transporter.
 20671 | Gauntlet | Found a transporter.
 20726 | Gauntlet | Found a runed translucent door.
 20731 | Gauntlet | Found a transporter.
 20745 | Gauntlet | Found a transporter.
 20853 | Gauntlet | Identified the +6 chain mail of the Trout {rElec rPois rF+}
 20891 | Gauntlet | Identified the ring of Ydonoecw {Fly Dex+2}
 20972 | Gauntlet | Identified the ring of Ebymod {Dex+6 Slay+4 Stlth-}
 20974 | Gauntlet | Identified the +6 fustibalus "Quifaif" {venom, Dex+5}
 20979 | Gauntlet | Got Sif Muna's Grimoire of Igneous Summoning
 20991 | Gauntlet | Reached XP level 16. HP: 149/155 MP: 17/24
 21394 | D:15     | Found a staircase to the Depths.
 21491 | D:15     | Found a shadowy altar of Dithmenos.
 21633 | Depths:1 | Entered Level 1 of the Depths
 21679 | Depths:1 | Gained Bogfrid as an ally
 21906 | Spider:1 | Entered Level 1 of the Spider Nest
 22078 | Spider:1 | Your ally Bogfrid died
 22132 | Spider:1 | Gained Nordag as an ally
 22329 | Spider:1 | Your ally Nordag died
 22333 | Spider:1 | Your ally Hilgar died
 23089 | Spider:2 | Was placed under penance by Beogh
 23474 | Spider:2 | Reached skill level 15 in Armour
 23490 | Spider:2 | Was forgiven by Beogh
 23617 | Spider:2 | Reached XP level 17. HP: 155/168 MP: 26/26
 23889 | Spider:3 | Gained Wardok as an ally
 23891 | Spider:3 | Your ally Wardok died
 23908 | Spider:3 | Noticed Agnes
 23914 | Spider:3 | Killed Agnes
 24148 | Spider:3 | Your ally Gorbash died
 24152 | Spider:3 | Your ally Wulfoc died
 24158 | Spider:3 | Reached skill level 1 in Evocations
 24158 | Spider:3 | Your ally Warrok died
 24161 | Spider:3 | Your ally Boruk died
 24323 | Spider:3 | Noticed Nikola
 24338 | Spider:3 | Killed Nikola
 24517 | Spider:3 | Identified the +6 morningstar "Kuczij" {freeze, rF+}
 24905 | Spider:4 | Entered Level 4 of the Spider Nest
 24912 | Spider:4 | Reached skill level 5 in Evocations
 25084 | Spider:4 | Gained Olfrun as an ally
 25507 | Spider:4 | Acquired 819 gold pieces
 25570 | Spider:4 | Your ally Geork died
 25604 | Spider:4 | Your ally Olfrun died
 25610 | Spider:4 | Your ally Korbok died
 25902 | Spider:4 | Got a gossamer rune of Zot
 26772 | Depths:1 | Found a stormy altar of Qazlal.
 26818 | Depths:1 | You fall into a shaft and drop 1 floor!
 26830 | Depths:2 | Reached XP level 18. HP: 166/180 MP: 24/27
 26852 | Depths:2 | Your ally Herok died
 26853 | Depths:2 | Noticed a tentacled monstrosity
 26997 | Depths:1 | Noticed the Enchantress
 27006 | Depths:1 | Killed the Enchantress
 27361 | Slime:1  | Entered Level 1 of the Pits of Slime
 27923 | Slime:2  | Gained mutation: Your body sometimes deteriorates upon
                  | taking damage. [a shining eye]
 28785 | Slime:3  | Gained mutation: Your body often deteriorates upon taking
                  | damage. [a shining eye]
 28788 | Slime:3  | Gained mutation: Your magical capacity is low. (-10% MP) [a
                  | shining eye]
 28799 | Slime:3  | Gained mutation: Your spells are a little easier to cast,
                  | but a little less powerful. [a shining eye]
 28800 | Slime:3  | Gained mutation: You sometimes lose the ability to read
                  | scrolls when taking damage. [a shining eye]
 28802 | Slime:3  | Gained mutation: Your system is resistant to poisons.
                  | (rPois) [a shining eye]
 29573 | Slime:4  | Lost mutation: Your muscles are strong. (Str +2) [a shining
                  | eye]
 30537 | Slime:5  | Entered Level 5 of the Pits of Slime
 30991 | Slime:5  | Paralysed by a great orb of eyes for 6 turns
 31094 | Slime:5  | Found the necklace of Bloodlust {*Rage Will++ Int-3 Slay+6}
 31098 | Slime:5  | Found a viscous altar of Jiyva.
 31098 | Slime:5  | Noticed the Royal Jelly
 31112 | Slime:5  | Your ally Borgun died
 31763 | Elf:1    | Entered Level 1 of the Elven Halls
 31944 | Elf:1    | Cast into level 2 of the Abyss (a deep elf demonologist)
 31944 | Abyss:2  | Found a corrupted altar of Lugonu.
 32099 | Abyss:2  | Gained mutation: You are clumsy. (Dex -2) [a cacodemon]
 32102 | Abyss:2  | Reached XP level 19. HP: 178/198 MP: 25/25
 32392 | Elf:1    | Escaped the Abyss
 32497 | Elf:1    | Identified the +1 spear "Xeyrock" {flame, rF+ rC- SInv}
 32513 | Elf:1    | Reached skill level 27 in Axes
 32585 | Elf:1    | Paralysed by an air elemental for 1 turns
 33793 | Elf:2    | Gained Bogdan as an ally
 33809 | Elf:2    | Your ally Bogdan died
 34305 | Elf:2    | Found Beilel's Weapon Shoppe.
 34486 | Elf:2    | Found a runed translucent gate.
 34487 | Elf:2    | Found a runed translucent gate.
 34487 | Elf:2    | Found a runed translucent gate.
 34724 | Elf:2    | Gained Bogwik as an ally
 34920 | Elf:2    | Reached XP level 20. HP: 211/211 MP: 27/27
 34981 | Elf:2    | Lost mutation: Your spells are a little easier to cast, but
                  | a little less powerful. [potion of mutation]
 34981 | Elf:2    | Lost mutation: Your system is resistant to poisons. (rPois)
                  | [potion of mutation]
 34981 | Elf:2    | Lost mutation: You sometimes lose the ability to read
                  | scrolls when taking damage. [potion of mutation]
 34981 | Elf:2    | Gained mutation: You are partially covered in large bone
                  | plates. (SH +4) [potion of mutation]
 35130 | Elf:3    | Entered Level 3 of the Elven Halls
 35592 | Elf:3    | Found a radiant altar of Vehumet.
 35618 | Elf:3    | Found a runed translucent gate.
 35618 | Elf:3    | Found a runed translucent gate.
 35618 | Elf:3    | Found a runed translucent gate.
 35619 | Elf:3    | Found a viscous altar of Jiyva.
 35619 | Elf:3    | Noticed Pouserri's ghost (adept GnIE)
 35781 | Elf:3    | Your ally Bogwik died
 35898 | Elf:3    | Identified the +3 flail "Vohimous" {drain, SInv}
 35904 | Elf:3    | Gained Spirok as an ally
 35984 | Elf:3    | Your ally Spirok died
 35998 | Elf:3    | Got Toan's Collected Works on Dusty Beguiling
 36012 | Elf:3    | Identified the +6 arbalest "Qyob" {elec, rC+ rN+ rCorr
                  | Str+2}
 36165 | Elf:3    | Identified the ring of the Princess {Will+ Dex+4}
 36184 | Elf:3    | Identified the amulet "Nicanoe" {Reflect rCorr SH+5}
 36239 | Elf:3    | Identified the +3 hand axe "Ceomayfont" {spect, Will+
                  | Dex+2}
 36251 | Elf:3    | Identified the +0 leather armour "Qemodiz" {rPois Dex+3}
 36391 | Elf:3    | Killed Pouserri's ghost
 37151 | Snake:1  | Entered Level 1 of the Snake Pit
 37222 | Snake:1  | Identified Roxanne's Tome of Stones
 37222 | Snake:1  | Noticed Roxanne
 37260 | Snake:1  | Gained Boruk as an ally
 37739 | Snake:1  | Noticed Aizul
 37748 | Snake:1  | Killed Aizul
 37924 | Snake:1  | Lost mutation: You are clumsy. (Dex -2) [potion of
                  | mutation]
 37924 | Snake:1  | Lost mutation: You are partially covered in large bone
                  | plates. (SH +4) [potion of mutation]
 37924 | Snake:1  | Lost mutation: Your magical capacity is low. (-10% MP)
                  | [potion of mutation]
 37924 | Snake:1  | Gained mutation: You are frail. (-10% HP) [potion of
                  | mutation]
 37925 | Snake:1  | Lost mutation: Your body often deteriorates upon taking
                  | damage. [potion of mutation]
 37925 | Snake:1  | Lost mutation: You have sharp fingernails. [potion of
                  | mutation]
 37925 | Snake:1  | Gained mutation: Your flesh is heat resistant. (rF+)
                  | [potion of mutation]
 37925 | Snake:1  | Gained mutation: You are partially covered in iridescent
                  | scales. (AC +2) [potion of mutation]
 38508 | Snake:1  | HP: 9/191 [Roxanne/crystal spear (68)]
 38516 | Snake:1  | Killed Roxanne
 38918 | Snake:2  | Gained Bogward as an ally
 39039 | Snake:2  | Found Uhulikhapt's Weapon Emporium.
 39604 | Snake:2  | Found Raoczys's Antique Weapon Shoppe.
 39647 | Snake:2  | Bought a glimmering hand axe for 216 gold pieces
 39647 | Snake:2  | Identified the +6 hand axe "Paoq" {vorpal, *Rage rPois
                  | Will+ Int+2} (You bought it in a shop on level 2 of the
                  | Snake Pit)
 39647 | Snake:2  | Bought a glowing demon trident for 486 gold pieces
 39647 | Snake:2  | Bought a runed mace for 162 gold pieces
 40121 | Snake:3  | Found Juilaph's Jewellery Emporium.
 40125 | Snake:3  | Bought a ring of see invisible for 165 gold pieces
 40210 | Snake:3  | Reached XP level 21. HP: 161/200 MP: 31/31
 40659 | Snake:3  | Reached skill level 27 in Fighting
 41524 | Snake:4  | Entered Level 4 of the Snake Pit
 41539 | Snake:4  | Found Ydwu's Weapon Shoppe.
 41574 | Snake:4  | Your ally Boruk died
 41665 | Snake:4  | Found Olesu's Antique Weapon Shoppe.
 41674 | Snake:4  | Found Urgheoff's Antique Weapon Shop.
 41875 | Snake:4  | Gained Nordag as an ally
 42178 | Snake:4  | Found Gyaxos's Antique Armour Shop.
 42324 | Snake:4  | Bought a runed cloak for 127 gold pieces
 42499 | Snake:4  | Found Basyileagh's General Store.
 42504 | Snake:4  | Bought a potion of haste for 170 gold pieces
 42504 | Snake:4  | Bought a potion of invisibility for 136 gold pieces
 42504 | Snake:4  | Bought a scroll of acquirement for 884 gold pieces
 42504 | Snake:4  | Bought 3 silver javelins for 122 gold pieces
 42506 | Snake:4  | Acquired the +1 pair of gloves of Afubin {rElec Int+3
                  | Slay+2}
 42840 | Snake:4  | Reached skill level 10 in Evocations
 42841 | Snake:4  | Your ally Nordag died
 43375 | Snake:4  | Your ally Bogward died
 43660 | Snake:4  | Reached skill level 1 in Shields
 44176 | Snake:4  | Reached skill level 5 in Shields
 44226 | Snake:4  | Got a serpentine rune of Zot
 44648 | Slime:5  | Gained Thorok as an ally
 45399 | Slime:5  | Found the +7 staff of the Meek {protect, meekguard}
 45406 | Slime:5  | Your ally Thorok died
 46516 | Slime:5  | Lost mutation: Your body sometimes deteriorates upon taking
                  | damage. [potion of mutation]
 46516 | Slime:5  | Lost mutation: You are partially covered in iridescent
                  | scales. (AC +2) [potion of mutation]
 46516 | Slime:5  | Lost mutation: You are frail. (-10% HP) [potion of
                  | mutation]
 46516 | Slime:5  | Gained mutation: You expend magic power (3 MP) to
                  | strengthen your wands. [potion of mutation]
 46516 | Slime:5  | Gained mutation: Your muscles are strong. (Str +2) [potion
                  | of mutation]
 46816 | Slime:5  | Killed the Royal Jelly
 47183 | Slime:5  | Found the +0 staff of Battle
 47295 | Slime:5  | Got a slimy rune of Zot
 47303 | Slime:5  | Identified the +0 scale mail "Xokhlejoa" {Contam Will++
                  | MP+9 Dex+4 Slay+2}
 47864 | Vaults:1 | Entered Level 1 of the Vaults
 48892 | Depths:1 | Found a gateway to Hell.
 48899 | Depths:1 | Gained Warrok as an ally
 49165 | Depths:1 | Found a one-way gate leading to the halls of Pandemonium.
 49172 | Depths:1 | Your ally Warrok died
 49285 | Depths:1 | Reached XP level 22. HP: 233/233 MP: 32/32
 49287 | Depths:1 | Gained Agrik as an ally
 49287 | Depths:1 | Your ally Agrik died
 49356 | Depths:1 | Found Viyxyqin's Armour Shoppe.
 49410 | Depths:1 | Noticed Bai Suzhen
 49420 | Depths:1 | Killed Bai Suzhen
 49470 | Depths:1 | Found a one-way gate to the infinite horrors of the Abyss.
 49646 | Depths:1 | Reached skill level 10 in Shields
 52450 | Depths:3 | Found a one-way gateway to a ziggurat.
 53089 | Depths:3 | Noticed a golden dragon
 53174 | Depths:3 | Killed a golden dragon
 53254 | Depths:3 | Reached skill level 15 in Shields
 53277 | Depths:3 | Gained Blodwig as an ally
 53278 | Depths:3 | Your ally Blodwig died
 53652 | Depths:3 | Found Doklur's Assorted Antiques.
 53713 | Depths:3 | Bought a scroll of teleportation for 165 gold pieces
 53713 | Depths:3 | Bought a wand of paralysis (4) for 110 gold pieces
 53713 | Depths:3 | Bought a scroll of immolation for 192 gold pieces
 53786 | Depths:3 | Reached skill level 15 in Invocations
 54294 | Depths:3 | Found Eseimo's General Store.
 55145 | Depths:3 | Reached XP level 23. HP: 222/224 MP: 34/34
 55227 | Depths:3 | Bought a potion of curing for 45 gold pieces
 55227 | Depths:3 | Bought a potion of curing for 45 gold pieces
 55227 | Depths:3 | Bought a scroll of acquirement for 780 gold pieces
 55227 | Depths:3 | Bought a potion of lignification for 45 gold pieces
 55227 | Depths:3 | Bought a potion of lignification for 45 gold pieces
 55227 | Depths:3 | Acquired the +3 tower shield of Lilacs {rElec}
 55293 | Depths:3 | Found Itenyl's General Store.
 55300 | Depths:3 | Bought a wand of acid (8) for 480 gold pieces
 55300 | Depths:3 | Bought a scroll of magic mapping for 70 gold pieces
 55325 | Depths:3 | Found Purhyts's Magic Scroll Shoppe.
 55434 | Depths:3 | Gained Zartorak as an ally
 55461 | Depths:3 | Your ally Zartorak died
 55578 | Depths:3 | Noticed a juggernaut
 56514 | Depths:3 | Killed a juggernaut
 56629 | Depths:3 | Identified the ring of the Final Decision {rC+ Will+ rCorr
                  | Str+5 Stlth+}
 56702 | Depths:3 | Identified the +5 lajatang of Nice Reinforcement {vorpal,
                  | *Slow Will+ Int+2 Dex+4}
 57122 | Depths:4 | Entered Level 4 of the Depths
 57420 | Depths:4 | Noticed a caustic shrike
 57420 | Depths:4 | Noticed a caustic shrike
 57421 | Depths:4 | Noticed a caustic shrike
 57428 | Depths:4 | Killed a caustic shrike
 57432 | Depths:4 | Killed a caustic shrike
 57436 | Depths:4 | Killed a caustic shrike
 59372 | Vaults:2 | Noticed Tang's ghost (master DsGl)
 59393 | Vaults:2 | Found a transporter.
 59394 | Vaults:2 | Noticed a golden dragon
 59409 | Vaults:2 | Found a transporter.
 59428 | Vaults:2 | Noticed Margery
 59445 | Vaults:2 | Killed Margery
 59530 | Vaults:2 | Found Hykeiluc's Antique Armour Boutique.
 59547 | Vaults:2 | Bought a shiny helmet for 202 gold pieces
 60080 | Vaults:2 | Noticed Donald
 60100 | Vaults:2 | Killed Donald
 60383 | Vaults:2 | Found Qukonefi's Assorted Antiques.
 60660 | Vaults:2 | Reached XP level 24. HP: 249/249 MP: 35/35
 60685 | Vaults:2 | Found Rust's General Store.
 60693 | Vaults:2 | Bought a wand of iceblast (3) for 112 gold pieces
 60693 | Vaults:2 | Found Acsuc's Antique Weapon Emporium.
 60723 | Vaults:2 | Identified the +10 demon blade of the Ageing Visionary
                  | {flame, MP+9 Str+2}
 60822 | Vaults:2 | Found Giwizxe's Assorted Antiques.
 60830 | Vaults:2 | Bought a potion of curing for 117 gold pieces
 60857 | Vaults:2 | Gained Warrok as an ally
 61209 | Vaults:2 | Gained Horkud as an ally
 61216 | Vaults:2 | Gained Worak as an ally
 61285 | Vaults:2 | Your ally Horkud died
 61300 | Vaults:2 | Your ally Warrok died
 61311 | Vaults:2 | Your ally Worak died
 61786 | Vaults:2 | Bought a scroll of teleportation for 93 gold pieces
 62154 | Vaults:2 | Identified the +0 pair of boots of Aqimuc {rC+ Will- rCorr}
 62156 | Vaults:2 | Identified the +0 buckler of the Rose {Int+4}
 62404 | Vaults:3 | Found a staircase to the Crypt.
 62567 | Vaults:3 | Found a crumbling gateway.
 62587 | Desolati | Entered the Desolation of Salt
 62645 | Desolati | Found the +10 dark maul {vorpal}
 62801 | Desolati | Identified the +7 war axe "Afeceh" {vamp, Fragile rC+
                  | Will+}
 62811 | Desolati | Identified the ring of Lob Tarojou {rF- rCorr Int+6 SInv
                  | Stlth+}
 63105 | Desolati | Gained Zorug as an ally
 63123 | Desolati | Identified the +5 chain mail of Gilyac {Int+4}
 63238 | Desolati | Got the Incunabulum of Noxious Lightness
 63247 | Desolati | Got the Almanac of Intoxication and Moulding
 63251 | Desolati | Identified the ring "Horithicw" {rF+ SInv}
 63259 | Desolati | Got the Tome of Mutagenic Intoxication
 63306 | Desolati | Found the +11 plutonium sword {Contam Stlth-}
 63365 | Desolati | Your ally Zorug died
 63378 | Desolati | Identified the amulet of Danygiq {Reflect Regen+ rCorr
                  | Str+5 Dex-4 SH+5}
 63401 | Desolati | Gained Oreg as an ally
 63551 | Desolati | Identified the +9 morningstar of the Muttering King
                  | {vorpal, Str+3 Int-5}
 64100 | Vaults:3 | Noticed Sojobo
 64107 | Vaults:3 | Killed Sojobo
 64827 | Vaults:3 | Reached XP level 25. HP: 257/257 MP: 35/35
 65192 | Vaults:4 | Reached skill level 15 in Evocations
 65198 | Vaults:4 | Your ally Oreg died
 65557 | Vaults:4 | Gained Okrist as an ally
 65658 | Vaults:4 | Your ally Okrist died
 65703 | Vaults:4 | Reached skill level 10 in Throwing
 66061 | Vaults:5 | Entered Level 5 of the Vaults
 66079 | Vaults:4 | Gained Garbold as an ally
 66085 | Vaults:4 | Your ally Garbold died
 66330 | Vaults:5 | Noticed a dread lich
 66334 | Vaults:5 | Gained Zartorak as an ally
 66336 | Vaults:5 | Paralysed by a dread lich for 2 turns
 66347 | Vaults:5 | Killed a dread lich
 66391 | Vaults:5 | Your ally Zartorak died
 66611 | Vaults:5 | Gained Arbolt as an ally
 66639 | Vaults:5 | Identified the +8 whip of Resonant Judgement {venom, Dex+3
                  | Stlth+}
 66643 | Vaults:5 | Your ally Arbolt died
 66645 | Vaults:5 | Gained Jorge as an ally
 66893 | Vaults:5 | Identified the ring of Hifil {AC+4 Str+2 Int+2}
 67072 | Vaults:5 | Reached XP level 26. HP: 266/266 MP: 35/35
 67093 | Vaults:5 | Acquired the +10 broad axe of the Shark {vorpal, rF+ rN+++
                  | Int-2 Dex+9}
 67179 | Vaults:5 | Found Kanlim's Weapon Shoppe.
 67188 | Vaults:5 | Identified the +1 broad axe "Zapnauti" {flame, SInv}
 67217 | Vaults:5 | Found Moklomm's Book Shop.
 67222 | Vaults:5 | Bought 5 atropa-tipped darts for 60 gold pieces
 67222 | Vaults:5 | Bought 6 silver javelins for 288 gold pieces
 67463 | Vaults:5 | Got the Tome of the Earthen Escort
 67612 | Vaults:5 | Got a silver rune of Zot
 68239 | Depths:4 | Found a gate to the Realm of Zot.
 69490 | Depths:1 | Voluntarily entered the Abyss.
 69507 | Abyss:1  | Noticed an ancient lich
 69523 | Abyss:1  | Killed an ancient lich
 69831 | Abyss:1  | Found a bloodstained altar of Trog.
 69882 | Abyss:2  | Found a corrupted altar of Lugonu.
 69940 | Abyss:3  | Found a hide-covered altar of Uskayaw.
 69951 | Abyss:3  | Found a corrupted altar of Lugonu.
 70083 | Abyss:3  | Gained mutation: You have hidden genetic defects. [a
                  | neqoxec]
 70226 | Abyss:3  | Reached skill level 10 in Stealth
 70226 | Abyss:3  | Gained Berold as an ally
 70232 | Abyss:3  | Your ally Berold died
 70553 | Abyss:3  | Gained mutation: You are partially covered in iridescent
                  | scales. (AC +2) [a neqoxec]
 70975 | Abyss:3  | Gained mutation: Your spells are a little easier to cast,
                  | but a little less powerful. [hidden defects]
 71068 | Abyss:3  | Paralysed by accursed screaming for 1 turns
 71207 | Abyss:3  | Gained mutation: You sometimes lose the ability to read
                  | scrolls when taking damage. [hidden defects]
 71207 | Abyss:3  | Lost mutation: You have hidden genetic defects. [hidden
                  | defects expressed]
 71362 | Abyss:3  | Gained Bogbarth as an ally
 71397 | Abyss:3  | Reached XP level 27. HP: 111/273 MP: 31/35
 71491 | Abyss:3  | Your ally Bogbarth died
 71494 | Abyss:3  | Gained Garbold as an ally
 71519 | Abyss:3  | Paralysed by accursed screaming for 2 turns
 71519 | Abyss:3  | Your ally Garbold died
 71694 | Abyss:4  | Noticed an ancient lich
 71711 | Abyss:4  | Killed an ancient lich
 71726 | Depths:1 | Escaped the Abyss
 72558 | Temple   | Entered the Ecumenical Temple
 73294 | Hell     | Entered the Vestibule of Hell
 73295 | Hell     | Noticed Geryon
 73742 | Hell     | Your ally Jorge died
 74773 | Depths:1 | Lost mutation: Your flesh is heat resistant. (rF+) [potion
                  | of mutation]
 74773 | Depths:1 | Lost mutation: You sometimes lose the ability to read
                  | scrolls when taking damage. [potion of mutation]
 74773 | Depths:1 | Lost mutation: You are partially covered in iridescent
                  | scales. (AC +2) [potion of mutation]
 74773 | Depths:1 | Gained mutation: You do not regenerate when monsters are
                  | visible. [potion of mutation]
 74773 | Depths:1 | Gained mutation: Your mind is acute. (Int +2) [potion of
                  | mutation]
 74774 | Depths:1 | Lost mutation: You do not regenerate when monsters are
                  | visible. [potion of mutation]
 74774 | Depths:1 | Lost mutation: Your spells are a little easier to cast, but
                  | a little less powerful. [potion of mutation]
 74774 | Depths:1 | Lost mutation: Your muscles are strong. (Str +2) [potion of
                  | mutation]
 74774 | Depths:1 | Gained mutation: You have a beak for a mouth. [potion of
                  | mutation]
 74774 | Depths:1 | Gained mutation: Your spells are a little harder to cast,
                  | but a little more powerful. [potion of mutation]
 75116 | Crypt:1  | Entered Level 1 of the Crypt
 75126 | Vaults:3 | Gained Argrim as an ally
 75164 | Crypt:1  | Your ally Argrim died
 76761 | Crypt:2  | Noticed Xtahua
 76770 | Crypt:2  | Killed from afar by Xtahua

Illustrated notes

Levels and vault maps discovered:
D:1:      minmay_arrival_checkered_box, layout_basic,
          shapermc_ecumenical_altar_venn
D:2:      layout_rooms
D:3:      layout_loops_ring, lemuel_crystal_altar, st_stairs_13, uniq_ijyb
D:4:      layout_basic, minmay_temple_entry_proselytizer
D:5:      layout_rooms, kennysheep_mini, enter_ossuary_5
D:6:      layout_gridville, grunt_temple_overflow_open
D:7:      layout_gridville, serial_shops, nicolae_lakefront_shop, uniq_duvessa,
          uniq_harold
D:8:      layout_cave_pools, grunt_lair_entry_orc_guard_hut, enter_bailey_7,
          serial_shops, nicolae_shop_waterfront, uniq_prince_ribbit1
D:9:      lemuel_ogre_cave, layout_basic, uniq_pikel
D:10:     layout_irregular_city, serial_shops, nicolae_take_the_stairs,
          fountainhead, corner_web_ring, st_stairs_7, wad_rectangle_vault,
          uniq_nergalle
D:11:     layout_rooms, serial_shops, shop, uniq_urug
D:12:     layout_basic, david_orc_1_choice, uniq_psyche
D:13:     layout_roguey, kennysheep_generic_room_8
D:14:     layout_rooms, david_vaults_3, enter_trove_5, kennysheep_pointless_box,
          minmay_variable_closet, nicolae_figureground_sparkle
D:15:     hangedman_depths_entry_civil_slaughter, layout_basic,
          yredelemnul_altar_generic, gauntlet_entry_generic,
          grunt_dithmenos_smoke_and_mirrors
Temple:   eino_temple_lava
Lair:1:   layout_hall_layers, portal_ice_cave_demonic_guard,
          grunt_forest_large_clearing_hut, uniq_sonja
Lair:2:   layout_regular_city, minmay_snake_entry_guardpost_small,
          lemuel_fruit_tree, lemuel_fruit_fields
Lair:3:   cheibrodos_lair_river_kwai, layout_gridlike,
          nicolae_spider_entry_tight_spaces
Lair:4:   layout_gridlike, basic_altar, patterned_corridor
Lair:5:   gammafunk_cloud_chamber, layout_cave_pods, slime_altar_1
Lair:6:   cheibrodos_lair_end_hotspot, layout_regular_city
Snake:1:  nicolae_snake_attic_fulla_snakes, layout_chambers, uniq_aizul,
          uniq_roxanne
Snake:2:  layout_honeycomb, serial_shops, nicolae_stop_n_shop_2,
          grunt_megastairs_3, minmay_shop_star, serial_bayou_shore_b
Snake:3:  layout_grid_maze, serial_shops, shop, st_stairs_11,
          guppyfry_snake_island
Snake:4:  snake_pit_salamanders_mu, layout_cave_town, serial_shops,
          nicolae_shop_bloodbath_and_beyond, nicolae_shop_statue_plus,
          nicolae_shop_trees, shop, shop_fountains, serial_bayou_pond_e,
          nicolae_coiled_stairwell_up
Spider:1: layout_spider_delve
Spider:2: layout_chambers, nicolae_spider_cling_halls
Spider:3: layout_spider_delve, uniq_agnes, uniq_nikola
Spider:4: guppyfry_spider_rune
Slime:1:  layout_caves
Slime:2:  nicolae_slime_pool, layout_caves
Slime:3:  layout_caves, cheibrodos_slime_lost_civilization_6
Slime:4:  cheibrodos_slime_lost_civilization_9, layout_caves
Slime:5
Orc:1:    layout_diamond_mine, serial_shops, nicolae_diamond_shop, uniq_erica
Orc:2:    st_orc_mages, layout_caves, guppyfry_library_mini
Elf:1:    layout_loops_cross, hangedman_corner_corridor, minivault_8
Elf:2:    nicolae_elf_blades_crystal_corner, layout_onion_city, serial_shops,
          nicolae_lakefront_shop
Elf:3:    elf_hall_gauntlet_narrow, layout_rooms, gammafunk_ghost_ooze,
          basic_altar, wad_dig_loot
Vaults:1: nicolae_vaults_little_squares_4, v_misc_25, ontoclasm_vaults_hangar,
          ontoclasm_vaults_claustrophobia, vaults_dpeg_encased_lava,
          ontoclasm_vaults_misaligned, ontoclasm_vaults_fault,
          layout_vaults_omnigrid
Vaults:2: gammafunk_ghost_arena, v_misc_31, v_alt_pattern_1,
          ontoclasm_vaults_gateway, st_greater_box_3,
          ontoclasm_vaults_misaligned, nicolae_vaults_angled_halls,
          nicolae_vaults_shelves_hall, vaults_mumra_hexcomb,
          nicolae_vaults_little_squares_4, nicolae_vaults_theta,
          nicolae_vaults_little_squares_1, vaults_room_hallway,
          nicolae_vaults_mini_display_case, layout_vaults_omnicross,
          serial_shops, nicolae_square_shop, shop, shop, nicolae_diamond_shop,
          nicolae_square_shop, uniq_margery, uniq_donald
Vaults:3: portal_desolation_entry_garden, v_misc_33, v_rooms_1,
          minmay_crypt_entry_simple_round, v_misc_5, layout_vaults_chaotic_city,
          uniq_sojobo
Vaults:4: hangedman_vaults_variations, st_octagons_1, vaults_room_door_hall,
          vaults_mumra_chevron_long, v_misc_12, v_rooms_6,
          hangedman_vaults_locks, vaults_room_pools, layout_vaults_ring
Vaults:5
Crypt:1:  layout_rooms
Crypt:2:  layout_rooms, uniq_khufu, uniq_saint_roka, uniq_xtahua
Depths:1: layout_gridlike, serial_shops, nicolae_lakefront_shop,
          nicolae_qazlal_general_emergency, rand_demon_pan_entry_3,
          serial_rivers, chequers_serial_rivers_room_b,
          chequers_serial_rivers_micro_d, chequers_serial_rivers_micro_a,
          chequers_serial_rivers_micro_b, chequers_serial_rivers_large_a,
          abyss_entry_small_statue_room, grunt_hell_entry_dis_mu,
          hangedman_abyss_or_decor_stagger, minmay_metal_thing, uniq_bai_suzhen,
          uniq_enchantress
Depths:2: minmay_the_grid_plus [minmay_the_grid_zigzag_pyramid,
          minmay_the_grid_minigrid_large, minmay_the_grid_dragon_a,
          minmay_the_grid_armoury, minmay_the_grid_prize_inner_circle],
          layout_honeycomb, hell_entry, infiniplex_enter_wizlab_water,
          rand_demon_pan_entry_8, infiniplex_staircase_pillars_2
Depths:3: lemuel_castle_with_subvaults [lemuel_castle_interior_carwin_3],
          layout_basic, enter_ziggurat_f, abyss_entry,
          amcnicky_mini_rare_corridor_liquid, grunt_hell_horde, serial_shops,
          shop, nicolae_shop_temple_entry_statues_fountains, shop,
          nicolae_square_shop, chequers_decorated_corner
Depths:4: evilmike_zot_entry_argh, layout_gridlike, grunt_decor_mini_mirrors,
          rand_demon_pan_entry_5, hell_entry
Hell

Skill      XL: |  1  2  3  4  5  6  7  8  9 10 11 12 13 14 15 16 17 18 19 20 21 22 23 24 25 26 27 |
---------------+----------------------------------------------------------------------------------+-----
Fighting       | 4 5 6 7 9 11 13 14 16 17 19 20 24 25 26 27 | 27.0
Axes           | 5 6 9 12 14 19 22 24 26 27 | 27.0
Throwing       | 2 5 6 8 11 | 11.1
Armour         | 3 4 5 7 9 11 12 14 15 16 17 19 20 21 22 | 22.0
Invocations    | 4 6 7 8 9 10 11 12 14 15 16 | 16.0
Stealth        | 2 5 6 7 12 14 | 14.0
Evocations     | 7 10 13 14 15 17 | 17.6
Shields        | 9 15 16 19 21 23 | 23.0
Dodging        | |  2.4

Action                   |  1- 3 |  4- 6 |  7- 9 | 10-12 | 13-15 | 16-18 | 19-21 | 22-24 | 25-27 || total
-------------------------+-------+-------+-------+-------+-------+-------+-------+-------+-------++-------
Melee: Hand axe          |   118 |   186 |   437 |   205 |       |       |   512 |   928 |       ||  2386
       Executioner's axe |       |       |       |   185 |   508 |   577 |   512 |       |       ||  1782
       War axe           |       |       |       |       |       |       |       |   226 |  1335 ||  1561
       Peck              |       |       |       |       |       |       |       |       |    57 ||    57
Throw: Boomerang         |     9 |       |       |    66 |       |       |       |       |     3 ||    78
       Dart              |     1 |     2 |    15 |     6 |     9 |    20 |       |    45 |    20 ||   118
       Javelin           |       |       |     1 |    19 |    19 |    36 |    13 |    20 |    35 ||   143
       Throwing net      |       |       |       |     1 |     3 |     3 |       |     2 |       ||     9
Invok: Smiting           |       |     2 |     3 |     2 |     2 |     7 |    16 |     6 |     1 ||    39
       Convert to Beogh  |       |     1 |       |       |       |       |       |       |       ||     1
       Recall Orcish Fol |       |       |       |     2 |     2 |     8 |     5 |     3 |     1 ||    21
       Give Item to Name |       |       |       |       |     2 |       |     5 |     3 |     2 ||    12
Evoke: Wand              |       |       |       |     7 |     5 |    44 |    71 |     4 |    10 ||   141
       Condenser vane    |       |       |       |     1 |       |     2 |     6 |     3 |     5 ||    17
       Phantom mirror    |       |       |       |       |       |     3 |     5 |     2 |     6 ||    16
       Box of beasts     |       |       |       |       |       |       |       |     6 |     9 ||    15
       Lightning rod     |       |       |       |       |       |       |       |       |     9 ||     9
       Tin of tremorston |       |       |       |       |       |       |       |       |     2 ||     2
  Use: Scroll            |       |       |     8 |    12 |    17 |    11 |     7 |    10 |     6 ||    71
       Potion            |       |       |     1 |       |     5 |     4 |     9 |     5 |     9 ||    33
 Stab: Distracted        |       |       |       |     5 |     5 |     5 |     7 |    12 |     5 ||    39
       Confused          |       |       |       |       |     1 |       |       |     1 |       ||     2
       Held in net/web   |       |       |       |       |     1 |     1 |       |       |       ||     2
       Paralysed         |       |       |       |       |       |     1 |     1 |     3 |       ||     5
       Invisible         |       |       |       |       |       |       |       |     2 |     2 ||     4
       Petrified         |       |       |       |       |       |       |       |     3 |       ||     3
       Petrifying        |       |       |       |       |       |       |       |     1 |       ||     1
Armor: Chain mail        |    62 |    78 |       |       |       |       |       |       |       ||   140
       Plate armour      |       |    27 |   400 |   169 |       |       |       |       |       ||   596
       Crystal plate arm |       |       |       |    87 |   362 |   562 |   840 |   585 |   557 ||  2993
Dodge: Dodged            |    41 |    64 |   133 |   131 |   119 |   185 |   283 |   199 |   218 ||  1373
       Repelled          |       |       |       |     3 |     4 |       |       |       |       ||     7
Block: Other             |       |       |       |       |       |       |    91 |       |       ||    91
       Reflection        |       |       |       |       |       |       |    16 |       |    46 ||    62
       Tower shield      |       |       |       |       |       |       |   189 |  1046 |  1516 ||  2751
       Kite shield       |       |       |       |       |       |       |   131 |       |       ||   131

Table legend: (Time is in decaauts)
 A = Elapsed time spent in this place.
 B = Non-inter-level travel time spent in this place.
 C = Inter-level travel time spent in this place.
 D = Time resting spent in this place.
 E = Time spent auto-exploring this place.
 F = Levels seen in this place.
 G = Mean time per level.
                   A        B        C        D        E       F      G
               +--------+--------+--------+--------+--------+-----+--------+
         Total |  77374 |  70218 |   7156 |  13325 |  40090 |  62 | 1248.0 |
       Dungeon |  14741 |  11812 |   2929 |    525 |   8412 |  15 |  982.7 |
        Temple |    144 |    133 |     11 |      0 |     49 |   1 |  144.0 |
          Lair |   6404 |   5383 |   1021 |     54 |   4240 |   6 | 1067.3 |
     Snake Pit |   7427 |   7243 |    184 |    477 |   5673 |   4 | 1856.8 |
   Spider Nest |   4121 |   3960 |    161 |     69 |   3041 |   4 | 1030.2 |
    Slime Pits |   7494 |   7227 |    267 |   2884 |   3188 |   5 | 1498.8 |
  Orcish Mines |   1114 |    997 |    117 |      0 |    743 |   2 |  557.0 |
   Elven Halls |   4691 |   4288 |    403 |    664 |   2581 |   3 | 1563.7 |
        Vaults |  10233 |   9583 |    650 |   2453 |   4665 |   5 | 2046.6 |
         Crypt |    685 |    672 |     13 |     36 |    359 |   2 |  342.5 |
        Depths |  13977 |  12582 |   1395 |   4979 |   5191 |   4 | 3494.2 |
          Hell |     42 |     42 |      0 |      0 |      0 |   1 |   42.0 |
         Abyss |   2528 |   2528 |      0 |    763 |     90 |   5 |  505.6 |
       Ossuary |    367 |    367 |      0 |      0 |    121 |   1 |  367.0 |
        Bailey |    297 |    297 |      0 |      0 |    229 |   1 |  297.0 |
      Ice Cave |   1125 |   1125 |      0 |    109 |    680 |   1 | 1125.0 |
    Desolation |   1399 |   1399 |      0 |    309 |    545 |   1 | 1399.0 |
      Gauntlet |    577 |    577 |      0 |      0 |    281 |   1 |  577.0 |
               +--------+--------+--------+--------+--------+-----+--------+

Top non-repeatable levels by time:
Depths:1: 5495 daAuts
Depths:3: 3981 daAuts
 Slime:4: 3295 daAuts
Vaults:2: 3243 daAuts
Depths:2: 3092 daAuts
 Snake:4: 2973 daAuts
Vaults:3: 2264 daAuts
 Slime:5: 2124 daAuts
Vaults:1: 1806 daAuts
   Elf:3: 1785 daAuts
   Elf:2: 1738 daAuts
 Snake:1: 1736 daAuts
     D:9: 1583 daAuts
 Abyss:3: 1506 daAuts
Vaults:4: 1485 daAuts
